Hartford Whalers vs Edmonton Oilers
Created - Wednesday, September 20, 2023 at 07:40
Goals
|
| Hartford Whalers |
0 |
4 |
1 |
5 |
| Edmonton Oilers |
2 |
0 |
1 |
3 |
|
Shots
|
| Hartford Whalers |
15 |
22 |
9 |
46 |
| Edmonton Oilers |
11 |
16 |
11 |
38 |
|
1st period
1. Edmonton Oilers , Boone Jenner 3 (Erik Johnson 4) at 11:46
2. Edmonton Oilers , Brock Boeser 3 (Jeff Carter 2, Jakob Silfverberg 3) at 19:36
Penalties :
No Penalty
2nd period
3. Hartford Whalers , Taylor Hall 9 (Alexander Wennberg 8) at 1:38
4. Hartford Whalers , Josh Anderson 4 (Taylor Hall 15, Alexis Lafreniere 8) at 8:58
5. Hartford Whalers , Taylor Hall 10 (Alexander Wennberg 9, Josh Anderson 5) at 9:54 (PP)
6. Hartford Whalers , Taylor Hall 11 (John Hayden 4) at 15:16
Penalties :
Boone Jenner (EDM) for High sticking (Minor) at 9:01
3rd period
7. Edmonton Oilers , Mikael Backlund 10 (Jake DeBrusk 8) at 0:48
8. Hartford Whalers , Taylor Hall 12 (Thomas Chabot 15, Josh Anderson 6) at 19:43 (Empty Net)
Penalties :
Boone Jenner (EDM) for Fighting (Major) at 5:25, John Hayden (HFD) for Fighting (Major) at 5:25, Derek Grant (EDM) for Interference (Minor) at 12:32
Goalie Stats
Anton Forsberg (HFD), 35 saves from 38 shots - (0.921), W, 6-6-4, 60:00 minutes
Juuse Saros (EDM), 41 saves from 45 shots - (0.911), L, 7-7-2, 59:14 minutes
Players Stats for Hartford Whalers
Player Name G A P +/- PIM S H SB GA TA FO MP PP MP PK MP
------------------------------------------------------------------------------------
Alec Martinez 0 0 0 1 0 0 2 1 0 1 0/0 20:22 1:01 0:00
Alexander Wennberg 0 2 2 3 0 2 2 1 1 0 9/22 19:29 2:01 0:00
Alexis Lafreniere 0 1 1 -1 0 4 1 0 2 0 0/0 16:46 0:51 0:00
Anthony Mantha 0 0 0 0 0 6 0 1 2 0 1/1 15:22 0:00 0:00
Casey Cizikas 0 0 0 -1 0 0 2 1 0 1 15/24 15:57 0:51 0:00
Connor Clifton 0 0 0 1 0 2 4 0 0 5 0/0 16:26 0:00 0:00
Haydn Fleury 0 0 0 -1 0 0 2 0 0 0 0/0 9:12 0:00 0:00
Jaccob Slavin 0 0 0 -1 0 0 1 1 0 2 0/0 23:12 1:51 0:00
John Hayden 0 1 1 0 5 2 2 0 0 0 0/0 13:51 0:00 0:00
Josh Anderson 1 2 3 3 0 5 2 0 1 0 1/2 19:29 2:01 0:00
Joshua Norris 0 0 0 0 0 3 1 1 0 0 8/15 15:22 0:00 0:00
Lukas Reichel 0 0 0 -1 0 2 0 0 1 0 0/4 9:12 0:00 0:00
Marcus Foligno 0 0 0 -1 0 4 1 0 0 0 1/1 16:08 0:51 0:00
Mark Kastelic 0 0 0 -1 0 0 1 1 0 0 1/1 9:42 0:00 0:00
Taylor Hall 4 1 5 3 0 9 1 1 0 0 0/1 19:29 2:01 0:00
Thomas Chabot 0 1 1 -1 0 6 2 2 1 2 0/0 23:12 1:51 0:00
Torey Krug 0 0 0 1 0 1 0 0 1 1 0/0 16:26 0:00 0:00
Trevor van Riemsdyk 0 0 0 1 0 0 0 1 0 0 0/0 20:22 1:01 0:00
Players Stats for Edmonton Oilers
Player Name G A P +/- PIM S H SB GA TA FO MP PP MP PK MP
------------------------------------------------------------------------------------
Adrian Kempe 0 0 0 -3 0 7 2 0 2 0 1/2 18:04 0:00 0:00
Boone Jenner 1 0 1 1 7 6 3 1 1 1 2/3 17:03 0:00 0:00
Brandon Carlo 0 0 0 -1 0 1 2 3 0 2 0/0 24:05 0:00 1:45
Brett Pesce 0 0 0 1 0 1 0 2 0 1 0/0 17:44 0:00 1:07
Brock Boeser 1 0 1 0 0 3 0 0 2 1 0/0 13:21 0:00 0:00
Damon Severson 0 0 0 -1 0 2 2 3 0 0 0/0 18:11 0:00 0:00
David Perron 0 0 0 -2 0 0 0 1 3 0 0/0 16:32 0:00 0:00
Dawson Mercer 0 0 0 0 0 0 0 0 1 0 0/0 9:23 0:00 0:59
Derek Grant 0 0 0 0 2 0 0 1 0 0 2/5 8:56 0:00 0:20
Erik Johnson 0 1 1 1 0 1 1 1 0 0 0/0 17:44 0:00 1:07
Evan Bouchard 0 0 0 -2 0 1 0 1 0 0 0/0 18:01 0:00 0:00
Jacob Trouba 0 0 0 0 0 2 2 1 0 2 0/0 24:15 0:00 1:45
Jake DeBrusk 0 1 1 2 0 3 3 0 1 2 0/0 17:45 0:00 0:00
Jakob Silfverberg 0 1 1 0 0 1 0 0 0 0 1/1 16:01 0:00 1:33
Jakub Voracek 0 0 0 0 0 1 0 0 0 0 1/1 8:24 0:00 0:00
Jamie Benn 0 0 0 -3 0 2 1 1 0 0 8/18 17:25 0:00 0:00
Jeff Carter 0 1 1 0 0 1 0 0 0 0 6/16 15:00 0:00 1:26
Mikael Backlund 1 0 1 2 0 6 2 2 2 0 14/25 19:11 0:00 1:26
3 Stars
1 - Taylor Hall (HFD)
2 - Josh Anderson (HFD)
3 - Alexander Wennberg (HFD)
Power Play
Hartford Whalers - 1 on 2 Attempt(s) - 50.00%
Edmonton Oilers - 0 on 0 Attempt(s) - 0.00%
Penalty Kill
Hartford Whalers - 0 on 0 Attempt(s) - 0.00%
- Score 0 goal in Penalty Kill
Edmonton Oilers - 1 on 2 Attempt(s) - 50.00%
- Score 0 goal in Penalty Kill
Team Stat
Hartford Whalers - Hits : 24 - Faceoff Wins : 36 - Blocked Shots : 11 - Penalty Minutes : 5
Edmonton Oilers - Hits : 18 - Faceoff Wins : 35 - Blocked Shots : 17 - Penalty Minutes : 9
Official
Referees : Kendrick Nicholson and Garrett Rank
Linesman : Ryan Gibbons and Vaughan Rody
Game Notes
Taylor Hall has scored a Hat Trick!
Boone Jenner and John Hayden fight to a draw at 5:25 of 3rd period
Taylor Hall has scored in a empty net!
Finance
Level 1 -- Attendance: 5696 (94.93%) -- Ticket Income $512,640
Level 2 -- Attendance: 4908 (98.16%) -- Ticket Income $245,400
Level 3 -- Attendance: 2604 (86.80%) -- Ticket Income $78,120
Level 4 -- Attendance: 4577 (91.54%) -- Ticket Income $91,540
Luxury Box -- Attendance: 917 (91.70%) -- Ticket Income $174,230
Game was played at the Rexall Place.
Total Attendance: 18702 (93.51%)
Total Ticket Income: $1,101,930
Other Income: $385,676
Total Income: $1,487,606
Hartford Whalers
5 vs 5 Forward
Center Left Wing Right Wing Time % Phy DF OF
1 Alexander Wennberg Taylor Hall Josh Anderson 30 1 2 2
2 Casey Cizikas Marcus Foligno Alexis Lafreniere 30 1 2 2
3 Joshua Norris Anthony Mantha John Hayden 25 1 2 2
4 Lukas Reichel Mark Kastelic Haydn Fleury 15 1 2 2
5 vs 5 Defense
Defense Defense Time % Phy DF OF
1 Jaccob Slavin Thomas Chabot 35 1 2 2
2 Trevor van Riemsdyk Alec Martinez 35 1 2 2
3 Torey Krug Connor Clifton 30 1 2 2
4 Jaccob Slavin Thomas Chabot 0 1 2 2
PowerPlay Forward
Center Left Wing Right Wing Time % Phy DF OF
1 Alexander Wennberg Taylor Hall Josh Anderson 50 1 2 2
2 Casey Cizikas Marcus Foligno Alexis Lafreniere 50 1 2 2
PowerPlay Defense
Defense Defense Time % Phy DF OF
1 Jaccob Slavin Thomas Chabot 50 1 2 2
2 Trevor van Riemsdyk Alec Martinez 50 1 2 2
Penalty Kill 4 Players Forward
Center Wing Time % Phy DF OF
1 Alexander Wennberg Taylor Hall 50 1 2 2
2 Josh Anderson Casey Cizikas 50 1 2 2
Penalty Kill 4 Players Defense
Defense Defense Time % Phy DF OF
1 Jaccob Slavin Thomas Chabot 50 1 2 2
2 Trevor van Riemsdyk Alec Martinez 50 1 2 2
Penalty Kill - 3 Players Forward
Forward Time % Phy DF OF
1 Alexander Wennberg 50 1 2 2
2 Taylor Hall 50 1 2 2
Penalty Kill - 3 Players Defense
Defense Defense Time % Phy DF OF
1 Jaccob Slavin Thomas Chabot 50 1 2 2
2 Trevor van Riemsdyk Alec Martinez 50 1 2 2
4 vs 4 Forward
Center Wing Time % Phy DF OF
1 Alexander Wennberg Taylor Hall 50 1 2 2
2 Josh Anderson Casey Cizikas 50 1 2 2
4 vs 4 Defense
Defense Defense Time % Phy DF OF
1 Jaccob Slavin Thomas Chabot 50 1 2 2
2 Trevor van Riemsdyk Alec Martinez 50 1 2 2
Last Minutes Offensive
Center Left Wing Right Wing Defense Defense
Alexander Wennberg Taylor Hall Josh Anderson Jaccob Slavin Thomas Chabot
Last Minutes Defensive
Center Left Wing Right Wing Defense Defense
Alexander Wennberg Taylor Hall Josh Anderson Jaccob Slavin Thomas Chabot
Goaltenders
Starting : Anton Forsberg
Backup : Logan Thompson
Extra Forwards
Normal : Mark Kastelic, Joshua Norris, Anthony Mantha - PP : Mark Kastelic, Joshua Norris - PK : Anthony Mantha
Extra Defensemen
Normal : Torey Krug, Connor Clifton, Haydn Fleury - PP : Torey Krug - PK : Connor Clifton, Haydn Fleury
Penalty Shots
Alexander Wennberg, Taylor Hall, Josh Anderson, Casey Cizikas, Marcus Foligno
Edmonton Oilers
5 vs 5 Forward
Center Left Wing Right Wing Time % Phy DF OF
1 Jamie Benn Adrian Kempe David Perron 31 1 2 2
2 Mikael Backlund Boone Jenner Jake DeBrusk 31 1 2 2
3 Jeff Carter Jakob Silfverberg Brock Boeser 25 1 2 2
4 Derek Grant Jakub Voracek Dawson Mercer 13 1 2 2
5 vs 5 Defense
Defense Defense Time % Phy DF OF
1 Jacob Trouba Damon Severson 32 1 2 2
2 Brandon Carlo Evan Bouchard 32 1 2 2
3 Erik Johnson Brett Pesce 26 1 3 1
4 Brandon Carlo Jacob Trouba 10 1 4 0
PowerPlay Forward
Center Left Wing Right Wing Time % Phy DF OF
1 Boone Jenner Jamie Benn Adrian Kempe 50 0 0 5
2 Mikael Backlund Jake DeBrusk Dawson Mercer 50 0 0 5
PowerPlay Defense
Defense Defense Time % Phy DF OF
1 Evan Bouchard Brock Boeser 50 0 1 4
2 Damon Severson David Perron 50 0 1 4
Penalty Kill 4 Players Forward
Center Wing Time % Phy DF OF
1 Mikael Backlund Derek Grant 50 1 4 0
2 Jeff Carter Jakob Silfverberg 50 1 4 0
Penalty Kill 4 Players Defense
Defense Defense Time % Phy DF OF
1 Brandon Carlo Jacob Trouba 55 1 4 0
2 Brett Pesce Erik Johnson 45 1 4 0
Penalty Kill - 3 Players Forward
Forward Time % Phy DF OF
1 Mikael Backlund 50 1 4 0
2 Derek Grant 50 1 4 0
Penalty Kill - 3 Players Defense
Defense Defense Time % Phy DF OF
1 Jacob Trouba Brandon Carlo 55 1 4 0
2 Brett Pesce Erik Johnson 45 1 4 0
4 vs 4 Forward
Center Wing Time % Phy DF OF
1 Boone Jenner Adrian Kempe 50 0 2 3
2 Jamie Benn Jake DeBrusk 50 0 2 3
4 vs 4 Defense
Defense Defense Time % Phy DF OF
1 Brandon Carlo Evan Bouchard 50 0 3 2
2 Brett Pesce Jacob Trouba 50 1 3 1
Last Minutes Offensive
Center Left Wing Right Wing Defense Defense
Boone Jenner Jamie Benn Adrian Kempe Evan Bouchard Damon Severson
Last Minutes Defensive
Center Left Wing Right Wing Defense Defense
Mikael Backlund Derek Grant Jakob Silfverberg Brandon Carlo Jacob Trouba
Goaltenders
Starting : Juuse Saros
Backup : Matt Murray
Extra Forwards
Normal : Boone Jenner, Adrian Kempe, Jake DeBrusk - PP : Jakub Voracek, Adrian Kempe - PK : Dawson Mercer
Extra Defensemen
Normal : Brandon Carlo, Jacob Trouba, Brett Pesce - PP : Brett Pesce - PK : Brett Pesce, Evan Bouchard
Penalty Shots
Boone Jenner, Jakob Silfverberg, Adrian Kempe, Jakub Voracek, David Perron
% Time on Ice - Hartford Whalers
Lines # - Real PCT - Wanted PCT - Time Play
Normal Forward
1 - 31% - 30% - 17:44
2 - 26% - 30% - 15:06
3 - 26% - 25% - 15:06
4 - 16% - 15% - 9:12
Normal Defense
1 - 36% - 35% - 20:45
2 - 34% - 35% - 19:21
3 - 29% - 30% - 16:26
4 - 1% - 0% - 0:36
PP Forward
1 - 70% - 50% - 2:01
2 - 30% - 50% - 0:51
PP Defense
1 - 65% - 50% - 1:51
2 - 35% - 50% - 1:01
PK Forward
1 - 0% - 50%
2 - 0% - 50%
PK Defense
1 - 0% - 50%
2 - 0% - 50%
PK3 Forward
1 - 0% - 50%
2 - 0% - 50%
PK3 Defense
1 - 0% - 50%
2 - 0% - 50%
44 Forward
1 - 0% - 50%
2 - 0% - 50%
44 Defense
1 - 0% - 50%
2 - 0% - 50%
Last Minute Offensive - 0:00
Last Minute Defensive - 0:00
Total
Forward - 60:00
Defense - 60:00
|
% Time on Ice - Edmonton Oilers
Lines # - Real PCT - Wanted PCT - Time Play
Normal Forward
1 - 29% - 31% - 16:32
2 - 32% - 31% - 17:58
3 - 24% - 25% - 13:21
4 - 15% - 13% - 8:24
Normal Defense
1 - 31% - 32% - 17:18
2 - 33% - 32% - 18:27
3 - 27% - 26% - 15:21
4 - 9% - 10% - 5:09
PP Forward
1 - 0% - 50%
2 - 0% - 50%
PP Defense
1 - 0% - 50%
2 - 0% - 50%
PK Forward
1 - 50% - 50% - 1:26
2 - 50% - 50% - 1:26
PK Defense
1 - 61% - 55% - 1:45
2 - 39% - 45% - 1:07
PK3 Forward
1 - 0% - 50%
2 - 0% - 50%
PK3 Defense
1 - 0% - 55%
2 - 0% - 45%
44 Forward
1 - 0% - 50%
2 - 0% - 50%
44 Defense
1 - 0% - 50%
2 - 0% - 50%
Last Minute Offensive - 0:53
Last Minute Defensive - 0:00
Total
Forward - 60:00
Defense - 60:00
|
Play-by-Play
1st period
0:01 of 1st period - Alexander Wennberg wins face-off versus Jamie Benn in neutral zone.
1:05 of 1st period - Wrist shot by Mikael Backlund.
1:05 of 1st period - Shot Misses the Net.
1:07 of 1st period - Snap shot by Damon Severson.
1:07 of 1st period - Shot Blocked by Casey Cizikas.
1:21 of 1st period - Wrist shot by Boone Jenner.
1:21 of 1st period - Deflect By Mikael Backlund.
1:21 of 1st period - Stopped by Anton Forsberg with a rebound.
1:23 of 1st period - Wrist shot by Jake DeBrusk.
1:23 of 1st period - Stopped by Anton Forsberg without a rebound.
1:24 of 1st period - Joshua Norris wins face-off versus Jeff Carter in Hartford Whalers zone.
1:49 of 1st period - Evan Bouchard is hit by Mark Kastelic.
2:11 of 1st period - Snap shot by Jamie Benn.
2:11 of 1st period - Stopped by Anton Forsberg with a rebound.
2:13 of 1st period - Slapshot by Erik Johnson.
2:13 of 1st period - Stopped by Anton Forsberg with a rebound.
2:56 of 1st period - Jeff Carter is hit by Connor Clifton and loses puck.
3:22 of 1st period - Erik Johnson is hit by Marcus Foligno and loses puck.
3:47 of 1st period - Jacob Trouba is hit by Connor Clifton and loses puck.
4:46 of 1st period - Jake DeBrusk is hit by Connor Clifton and loses puck.
5:04 of 1st period - Connor Clifton is hit by Adrian Kempe and loses puck.
5:13 of 1st period - Snap shot by Marcus Foligno.
5:13 of 1st period - Shot Misses the Net.
5:23 of 1st period - Wrist shot by Alexis Lafreniere.
5:23 of 1st period - Deflect By Brett Pesce.
5:23 of 1st period - Shot Blocked by Erik Johnson.
5:23 of 1st period - Puck is out of play.
5:24 of 1st period - Jakob Silfverberg wins face-off versus Alexander Wennberg in Edmonton Oilers zone.
5:26 of 1st period - Icing by Brock Boeser.
5:27 of 1st period - Josh Anderson wins face-off versus Jeff Carter in Edmonton Oilers zone.
5:52 of 1st period - Snap shot by Joshua Norris.
5:52 of 1st period - Shot Blocked by David Perron.
5:54 of 1st period - Snap shot by John Hayden.
5:54 of 1st period - Stopped by Juuse Saros without a rebound.
5:55 of 1st period - Joshua Norris wins face-off versus Jamie Benn in Edmonton Oilers zone.
5:56 of 1st period - Slapshot by Anthony Mantha.
5:56 of 1st period - Stopped by Juuse Saros with a rebound.
5:58 of 1st period - Wrist shot by Alec Martinez.
5:58 of 1st period - Deflect By Anthony Mantha.
5:58 of 1st period - Stopped by Juuse Saros without a rebound.
5:59 of 1st period - Mikael Backlund wins face-off versus Joshua Norris in Edmonton Oilers zone.
6:04 of 1st period - Trevor van Riemsdyk is hit by Jake DeBrusk and loses puck.
6:08 of 1st period - Icing by Trevor van Riemsdyk.
6:09 of 1st period - Anthony Mantha wins face-off versus Mikael Backlund in Hartford Whalers zone.
6:22 of 1st period - Off-side.
6:23 of 1st period - Jamie Benn wins face-off versus Alexander Wennberg in neutral zone.
6:36 of 1st period - Wrist shot by Josh Anderson.
6:36 of 1st period - Stopped by Juuse Saros without a rebound.
6:37 of 1st period - Jeff Carter wins face-off versus Lukas Reichel in Edmonton Oilers zone.
6:52 of 1st period - Wrist shot by Brock Boeser.
6:52 of 1st period - Stopped by Anton Forsberg with a rebound.
7:02 of 1st period - Adrian Kempe is hit by Connor Clifton and loses puck.
7:11 of 1st period - Snap shot by David Perron.
7:11 of 1st period - Shot Misses the Net.
7:21 of 1st period - Snap shot by Joshua Norris.
7:21 of 1st period - Shot Misses the Net.
7:23 of 1st period - Snap shot by Torey Krug.
7:23 of 1st period - Stopped by Juuse Saros with a rebound.
7:25 of 1st period - Snap shot by Joshua Norris.
7:25 of 1st period - Shot Misses the Net.
8:31 of 1st period - Snap shot by Josh Anderson.
8:31 of 1st period - Shot Misses the Net.
8:33 of 1st period - Wrist shot by Alexander Wennberg.
8:33 of 1st period - Stopped by Juuse Saros with a rebound.
8:44 of 1st period - Off-side.
8:45 of 1st period - Joshua Norris wins face-off versus Jamie Benn in neutral zone.
9:02 of 1st period - Jacob Trouba is hit by John Hayden and loses puck.
10:11 of 1st period - Backhand shot by Joshua Norris.
10:11 of 1st period - Deflect By John Hayden.
10:11 of 1st period - Shot Misses the Net.
10:11 of 1st period - Puck is out of play.
10:12 of 1st period - Mikael Backlund wins face-off versus Alexander Wennberg in Edmonton Oilers zone.
10:23 of 1st period - Wrist shot by Taylor Hall.
10:23 of 1st period - Shot Blocked by Brett Pesce.
10:25 of 1st period - Slapshot by Jaccob Slavin.
10:25 of 1st period - Shot Misses the Net.
10:27 of 1st period - Snap shot by Alexander Wennberg.
10:27 of 1st period - Shot Blocked by Boone Jenner.
10:42 of 1st period - Wrist shot by Lukas Reichel.
10:42 of 1st period - Shot Blocked by Mikael Backlund.
10:44 of 1st period - Slapshot by Thomas Chabot.
10:44 of 1st period - Stopped by Juuse Saros without a rebound.
10:45 of 1st period - Jeff Carter wins face-off versus Casey Cizikas in Edmonton Oilers zone.
11:33 of 1st period - Off-side.
11:34 of 1st period - Mikael Backlund wins face-off versus Lukas Reichel in neutral zone.
11:39 of 1st period - Haydn Fleury is hit by Erik Johnson and loses puck.
11:46 of 1st period - Slapshot by Boone Jenner.
11:46 of 1st period - Goal by Boone Jenner - Hartford Whalers : 0 - Edmonton Oilers : 1.
11:47 of 1st period - Marcus Foligno wins face-off versus Mikael Backlund in neutral zone.
11:52 of 1st period - Slapshot by Mikael Backlund.
11:52 of 1st period - Stopped by Anton Forsberg without a rebound.
11:53 of 1st period - Boone Jenner wins face-off versus Casey Cizikas in Hartford Whalers zone.
12:04 of 1st period - Wrist shot by Mikael Backlund.
12:04 of 1st period - Stopped by Anton Forsberg with a rebound.
12:06 of 1st period - Wrist shot by Mikael Backlund.
12:06 of 1st period - Shot Misses the Net.
12:08 of 1st period - Wrist shot by Boone Jenner.
12:08 of 1st period - Stopped by Anton Forsberg with a rebound.
12:10 of 1st period - Slapshot by Brandon Carlo.
12:10 of 1st period - Shot Misses the Net.
12:44 of 1st period - Adrian Kempe is hit by Haydn Fleury and loses puck.
12:51 of 1st period - Snap shot by Thomas Chabot.
12:51 of 1st period - Stopped by Juuse Saros with a rebound.
13:05 of 1st period - Snap shot by Anthony Mantha.
13:05 of 1st period - Stopped by Juuse Saros without a rebound.
13:06 of 1st period - Casey Cizikas wins face-off versus Derek Grant in Edmonton Oilers zone.
13:09 of 1st period - Slapshot by Torey Krug.
13:09 of 1st period - Shot Blocked by Derek Grant.
13:24 of 1st period - Icing by Casey Cizikas.
13:25 of 1st period - Casey Cizikas wins face-off versus Mikael Backlund in Hartford Whalers zone.
13:42 of 1st period - Alexis Lafreniere is hit by Boone Jenner and loses puck.
13:56 of 1st period - Icing by Mikael Backlund.
13:57 of 1st period - Mikael Backlund wins face-off versus Josh Anderson in Edmonton Oilers zone.
14:49 of 1st period - Wrist shot by Jake DeBrusk.
14:49 of 1st period - Shot Blocked by Joshua Norris.
14:51 of 1st period - Snap shot by Mikael Backlund.
14:51 of 1st period - Shot Blocked by Anthony Mantha.
14:55 of 1st period - Wrist shot by Jake DeBrusk.
14:55 of 1st period - Stopped by Anton Forsberg without a rebound.
14:56 of 1st period - Jeff Carter wins face-off versus Alexander Wennberg in Hartford Whalers zone.
15:46 of 1st period - Wrist shot by Joshua Norris.
15:46 of 1st period - Stopped by Juuse Saros without a rebound.
15:47 of 1st period - Joshua Norris wins face-off versus Derek Grant in Edmonton Oilers zone.
15:48 of 1st period - Snap shot by Anthony Mantha.
15:48 of 1st period - Shot Misses the Net.
15:50 of 1st period - Snap shot by Joshua Norris.
15:50 of 1st period - Shot Blocked by Damon Severson.
15:52 of 1st period - Backhand shot by Torey Krug.
15:52 of 1st period - Deflect By Joshua Norris.
15:52 of 1st period - Shot Misses the Net.
15:52 of 1st period - Puck is out of play.
15:53 of 1st period - Alexander Wennberg wins face-off versus Jeff Carter in Edmonton Oilers zone.
16:27 of 1st period - Off-side.
16:28 of 1st period - Casey Cizikas wins face-off versus Jamie Benn in neutral zone.
16:31 of 1st period - Snap shot by Alexis Lafreniere.
16:31 of 1st period - Stopped by Juuse Saros with a rebound.
16:33 of 1st period - Snap shot by Marcus Foligno.
16:33 of 1st period - Stopped by Juuse Saros without a rebound.
16:34 of 1st period - Casey Cizikas wins face-off versus Jamie Benn in Edmonton Oilers zone.
16:43 of 1st period - Snap shot by Alexis Lafreniere.
16:43 of 1st period - Deflect By David Perron.
16:43 of 1st period - Stopped by Juuse Saros without a rebound.
16:44 of 1st period - Alexander Wennberg wins face-off versus Jamie Benn in Edmonton Oilers zone.
16:45 of 1st period - Snap shot by Taylor Hall.
16:45 of 1st period - Shot Blocked by Damon Severson.
17:09 of 1st period - Jacob Trouba is hit by Alexis Lafreniere and loses puck.
17:38 of 1st period - Connor Clifton is hit by Brandon Carlo and loses puck.
17:53 of 1st period - Slapshot by Lukas Reichel.
17:53 of 1st period - Stopped by Juuse Saros without a rebound.
17:54 of 1st period - Jamie Benn wins face-off versus Lukas Reichel in Edmonton Oilers zone.
18:09 of 1st period - Wrist shot by Adrian Kempe.
18:09 of 1st period - Shot Misses the Net.
18:55 of 1st period - Off-side.
18:56 of 1st period - Alexander Wennberg wins face-off versus Jeff Carter in neutral zone.
19:03 of 1st period - Slapshot by Taylor Hall.
19:03 of 1st period - Stopped by Juuse Saros with a rebound.
19:05 of 1st period - Snap shot by Alexander Wennberg.
19:05 of 1st period - Shot Misses the Net.
19:07 of 1st period - Wrist shot by Thomas Chabot.
19:07 of 1st period - Shot Misses the Net.
19:09 of 1st period - Wrist shot by Alexander Wennberg.
19:09 of 1st period - Shot Hit the Post.
19:11 of 1st period - Snap shot by Taylor Hall.
19:11 of 1st period - Shot Misses the Net.
19:36 of 1st period - Backhand shot by Brock Boeser.
19:36 of 1st period - Goal by Brock Boeser - Hartford Whalers : 0 - Edmonton Oilers : 2.
19:37 of 1st period - Casey Cizikas wins face-off versus Jamie Benn in neutral zone.
Goals for this period are 0 for Hartford Whalers vs 2 for Edmonton Oilers.
Shots for this period are 15 for Hartford Whalers vs 11 for Edmonton Oilers.
2nd period
0:01 of 2nd period - Joshua Norris wins face-off versus Adrian Kempe in neutral zone.
0:03 of 2nd period - Off-side.
0:04 of 2nd period - Jamie Benn wins face-off versus Joshua Norris in neutral zone.
0:07 of 2nd period - Snap shot by David Perron.
0:07 of 2nd period - Shot Misses the Net.
0:09 of 2nd period - Wrist shot by Adrian Kempe.
0:09 of 2nd period - Stopped by Anton Forsberg without a rebound.
0:10 of 2nd period - Adrian Kempe wins face-off versus Joshua Norris in Hartford Whalers zone.
0:11 of 2nd period - Snap shot by Jamie Benn.
0:11 of 2nd period - Stopped by Anton Forsberg with a rebound.
0:13 of 2nd period - Snap shot by Brandon Carlo.
0:13 of 2nd period - Stopped by Anton Forsberg with a rebound.
0:15 of 2nd period - Wrist shot by Adrian Kempe.
0:15 of 2nd period - Stopped by Anton Forsberg without a rebound.
0:16 of 2nd period - Mikael Backlund wins face-off versus Casey Cizikas in Hartford Whalers zone.
0:21 of 2nd period - Snap shot by Boone Jenner.
0:21 of 2nd period - Stopped by Anton Forsberg with a rebound.
0:38 of 2nd period - Icing by Boone Jenner.
0:39 of 2nd period - Alexander Wennberg wins face-off versus Jamie Benn in Edmonton Oilers zone.
0:40 of 2nd period - Slapshot by Taylor Hall.
0:40 of 2nd period - Shot Blocked by Evan Bouchard.
0:42 of 2nd period - Slapshot by Connor Clifton.
0:42 of 2nd period - Shot Misses the Net.
0:44 of 2nd period - Slapshot by Connor Clifton.
0:44 of 2nd period - Stopped by Juuse Saros without a rebound.
0:45 of 2nd period - Jamie Benn wins face-off versus Alexander Wennberg in Edmonton Oilers zone.
0:48 of 2nd period - Snap shot by Taylor Hall.
0:48 of 2nd period - Stopped by Juuse Saros without a rebound.
0:49 of 2nd period - Jeff Carter wins face-off versus Joshua Norris in Edmonton Oilers zone.
1:38 of 2nd period - Wrist shot by Taylor Hall.
1:38 of 2nd period - Goal by Taylor Hall - Hartford Whalers : 1 - Edmonton Oilers : 2.
1:39 of 2nd period - Derek Grant wins face-off versus Alexander Wennberg in neutral zone.
1:46 of 2nd period - Slapshot by Damon Severson.
1:46 of 2nd period - Stopped by Anton Forsberg without a rebound.
1:47 of 2nd period - Derek Grant wins face-off versus Alexander Wennberg in Hartford Whalers zone.
1:54 of 2nd period - Snap shot by Josh Anderson.
1:54 of 2nd period - Stopped by Juuse Saros with a rebound.
2:16 of 2nd period - Slapshot by Taylor Hall.
2:16 of 2nd period - Shot Misses the Net.
2:32 of 2nd period - Slapshot by Dawson Mercer.
2:32 of 2nd period - Deflect By Jakub Voracek.
2:32 of 2nd period - Shot Blocked by Alexander Wennberg.
2:32 of 2nd period - Puck is out of play.
2:33 of 2nd period - Jamie Benn wins face-off versus Casey Cizikas in Hartford Whalers zone.
2:36 of 2nd period - Wrist shot by Jamie Benn.
2:36 of 2nd period - Shot Misses the Net.
2:58 of 2nd period - Alec Martinez is hit by Mikael Backlund.
3:51 of 2nd period - Wrist shot by Jeff Carter.
3:51 of 2nd period - Shot Misses the Net.
4:07 of 2nd period - Backhand shot by Marcus Foligno.
4:07 of 2nd period - Deflect By Alexis Lafreniere.
4:07 of 2nd period - Shot Blocked by Jamie Benn.
4:07 of 2nd period - Puck is out of play.
4:08 of 2nd period - Jamie Benn wins face-off versus Joshua Norris in Edmonton Oilers zone.
4:22 of 2nd period - Wrist shot by Anthony Mantha.
4:22 of 2nd period - Stopped by Juuse Saros without a rebound.
4:23 of 2nd period - Casey Cizikas wins face-off versus Mikael Backlund in Edmonton Oilers zone.
4:24 of 2nd period - Slapshot by Thomas Chabot.
4:24 of 2nd period - Stopped by Juuse Saros without a rebound.
4:25 of 2nd period - Mikael Backlund wins face-off versus Casey Cizikas in Edmonton Oilers zone.
4:38 of 2nd period - Snap shot by Boone Jenner.
4:38 of 2nd period - Stopped by Anton Forsberg without a rebound.
4:39 of 2nd period - Joshua Norris wins face-off versus Jamie Benn in Hartford Whalers zone.
4:44 of 2nd period - Adrian Kempe is hit by Alec Martinez and loses puck.
5:41 of 2nd period - Evan Bouchard is hit by Joshua Norris and loses puck.
6:20 of 2nd period - Icing by Trevor van Riemsdyk.
6:21 of 2nd period - Mikael Backlund wins face-off versus Joshua Norris in Hartford Whalers zone.
6:28 of 2nd period - Mikael Backlund is hit by Alec Martinez and loses puck.
7:28 of 2nd period - Snap shot by Alec Martinez.
7:28 of 2nd period - Shot Blocked by Mikael Backlund.
7:30 of 2nd period - Wrist shot by Anthony Mantha.
7:30 of 2nd period - Stopped by Juuse Saros with a rebound.
7:32 of 2nd period - Snap shot by Joshua Norris.
7:32 of 2nd period - Stopped by Juuse Saros with a rebound.
7:34 of 2nd period - Wrist shot by John Hayden.
7:34 of 2nd period - Stopped by Juuse Saros without a rebound.
7:35 of 2nd period - Casey Cizikas wins face-off versus Jeff Carter in Edmonton Oilers zone.
7:48 of 2nd period - Slapshot by Thomas Chabot.
7:48 of 2nd period - Stopped by Juuse Saros with a rebound.
7:50 of 2nd period - Slapshot by Jaccob Slavin.
7:50 of 2nd period - Shot Blocked by Brett Pesce.
8:06 of 2nd period - Snap shot by Lukas Reichel.
8:06 of 2nd period - Stopped by Juuse Saros without a rebound.
8:07 of 2nd period - Jakub Voracek wins face-off versus Lukas Reichel in Edmonton Oilers zone.
8:54 of 2nd period - Snap shot by Josh Anderson.
8:54 of 2nd period - Shot Misses the Net.
8:58 of 2nd period - Slapshot by Josh Anderson.
8:58 of 2nd period - Goal by Josh Anderson - Hartford Whalers : 2 - Edmonton Oilers : 2.
8:59 of 2nd period - Mikael Backlund wins face-off versus Alexander Wennberg in neutral zone.
9:01 of 2nd period - Minor Penalty to Boone Jenner for High sticking.
9:02 of 2nd period - Mikael Backlund wins face-off versus Alexander Wennberg in Edmonton Oilers zone.
9:30 of 2nd period - Wrist shot by Thomas Chabot.
9:30 of 2nd period - Stopped by Juuse Saros with a rebound.
9:32 of 2nd period - Snap shot by Taylor Hall.
9:32 of 2nd period - Shot Blocked by Brandon Carlo.
9:34 of 2nd period - Snap shot by Alexander Wennberg.
9:34 of 2nd period - Shot Blocked by Jacob Trouba.
9:36 of 2nd period - Slapshot by Taylor Hall.
9:36 of 2nd period - Stopped by Juuse Saros with a rebound.
9:46 of 2nd period - Snap shot by Josh Anderson.
9:46 of 2nd period - Stopped by Juuse Saros with a rebound.
9:54 of 2nd period - Snap shot by Taylor Hall.
9:54 of 2nd period - Goal by Taylor Hall - Hartford Whalers : 3 - Edmonton Oilers : 2.
9:55 of 2nd period - Casey Cizikas wins face-off versus Mikael Backlund in neutral zone.
10:23 of 2nd period - Off-side.
10:24 of 2nd period - Alexander Wennberg wins face-off versus Jeff Carter in neutral zone.
10:27 of 2nd period - Snap shot by Thomas Chabot.
10:27 of 2nd period - Deflect By Jacob Trouba.
10:27 of 2nd period - Stopped by Juuse Saros with a rebound.
10:39 of 2nd period - Snap shot by Josh Anderson.
10:39 of 2nd period - Shot Misses the Net.
10:51 of 2nd period - Jeff Carter is hit by Haydn Fleury and loses puck.
11:24 of 2nd period - Snap shot by Mikael Backlund.
11:24 of 2nd period - Stopped by Anton Forsberg with a rebound.
11:26 of 2nd period - Slapshot by Damon Severson.
11:26 of 2nd period - Stopped by Anton Forsberg with a rebound.
11:28 of 2nd period - Slapshot by Jacob Trouba.
11:28 of 2nd period - Shot Misses the Net.
12:12 of 2nd period - Wrist shot by Taylor Hall.
12:12 of 2nd period - Stopped by Juuse Saros with a rebound.
14:06 of 2nd period - Slapshot by Jakub Voracek.
14:06 of 2nd period - Stopped by Anton Forsberg without a rebound.
14:07 of 2nd period - Alexander Wennberg wins face-off versus Mikael Backlund in Hartford Whalers zone.
14:07 of 2nd period - Alexander Wennberg is hit by Mikael Backlund.
14:42 of 2nd period - Snap shot by Marcus Foligno.
14:42 of 2nd period - Shot Blocked by Brandon Carlo.
15:16 of 2nd period - Backhand shot by Taylor Hall.
15:16 of 2nd period - Goal by Taylor Hall - Hartford Whalers : 4 - Edmonton Oilers : 2.
15:17 of 2nd period - Mikael Backlund wins face-off versus Alexander Wennberg in neutral zone.
15:23 of 2nd period - Off-side.
15:24 of 2nd period - Boone Jenner wins face-off versus Alexander Wennberg in neutral zone.
16:03 of 2nd period - Snap shot by Josh Anderson.
16:03 of 2nd period - Stopped by Juuse Saros without a rebound.
16:04 of 2nd period - Jamie Benn wins face-off versus Casey Cizikas in Edmonton Oilers zone.
16:09 of 2nd period - Connor Clifton is hit by Jamie Benn and loses puck.
16:18 of 2nd period - Snap shot by Marcus Foligno.
16:18 of 2nd period - Stopped by Juuse Saros with a rebound.
16:20 of 2nd period - Slapshot by Connor Clifton.
16:20 of 2nd period - Stopped by Juuse Saros without a rebound.
16:21 of 2nd period - Joshua Norris wins face-off versus Jeff Carter in Edmonton Oilers zone.
16:46 of 2nd period - Jamie Benn is hit by Thomas Chabot and loses puck.
17:05 of 2nd period - Jamie Benn is hit by Thomas Chabot and loses puck.
17:17 of 2nd period - Adrian Kempe is hit by Josh Anderson and loses puck.
17:30 of 2nd period - Taylor Hall is hit by Adrian Kempe and loses puck.
17:35 of 2nd period - Snap shot by Adrian Kempe.
17:35 of 2nd period - Stopped by Anton Forsberg with a rebound.
17:37 of 2nd period - Slapshot by Brett Pesce.
17:37 of 2nd period - Stopped by Anton Forsberg without a rebound.
17:38 of 2nd period - Casey Cizikas wins face-off versus Mikael Backlund in Hartford Whalers zone.
17:49 of 2nd period - Boone Jenner is hit by Casey Cizikas.
19:32 of 2nd period - Snap shot by Mikael Backlund.
19:32 of 2nd period - Stopped by Anton Forsberg without a rebound.
19:33 of 2nd period - Mikael Backlund wins face-off versus Casey Cizikas in Hartford Whalers zone.
19:40 of 2nd period - Wrist shot by Boone Jenner.
19:40 of 2nd period - Shot Blocked by Jaccob Slavin.
19:42 of 2nd period - Snap shot by Jake DeBrusk.
19:42 of 2nd period - Deflect By Boone Jenner.
19:42 of 2nd period - Stopped by Anton Forsberg with a rebound.
19:44 of 2nd period - Wrist shot by Jacob Trouba.
19:44 of 2nd period - Stopped by Anton Forsberg with a rebound.
19:46 of 2nd period - Backhand shot by Jake DeBrusk.
19:46 of 2nd period - Shot Misses the Net.
19:48 of 2nd period - Slapshot by Jacob Trouba.
19:48 of 2nd period - Stopped by Anton Forsberg with a rebound.
Goals for this period are 4 for Hartford Whalers vs 0 for Edmonton Oilers.
Shots for this period are 22 for Hartford Whalers vs 16 for Edmonton Oilers.
3rd period
0:01 of 3rd period - Jamie Benn wins face-off versus Casey Cizikas in neutral zone.
0:06 of 3rd period - Jaccob Slavin is hit by Brandon Carlo and loses puck.
0:15 of 3rd period - Wrist shot by Adrian Kempe.
0:15 of 3rd period - Stopped by Anton Forsberg without a rebound.
0:16 of 3rd period - Alexander Wennberg wins face-off versus Jeff Carter in Hartford Whalers zone.
0:25 of 3rd period - Jakob Silfverberg is hit by Taylor Hall.
0:43 of 3rd period - Alexis Lafreniere is hit by Jacob Trouba and loses puck.
0:48 of 3rd period - Snap shot by Mikael Backlund.
0:48 of 3rd period - Goal by Mikael Backlund - Hartford Whalers : 4 - Edmonton Oilers : 3.
0:49 of 3rd period - Casey Cizikas wins face-off versus Jamie Benn in neutral zone.
1:04 of 3rd period - Wrist shot by Marcus Foligno.
1:04 of 3rd period - Shot Blocked by Damon Severson.
1:31 of 3rd period - Jamie Benn is hit by John Hayden.
1:47 of 3rd period - Slapshot by Evan Bouchard.
1:47 of 3rd period - Shot Blocked by Trevor van Riemsdyk.
1:49 of 3rd period - Snap shot by Adrian Kempe.
1:49 of 3rd period - Shot Blocked by Mark Kastelic.
1:51 of 3rd period - Slapshot by Evan Bouchard.
1:51 of 3rd period - Stopped by Anton Forsberg with a rebound.
2:15 of 3rd period - Snap shot by Jamie Benn.
2:15 of 3rd period - Shot Blocked by Taylor Hall.
2:17 of 3rd period - Slapshot by Evan Bouchard.
2:17 of 3rd period - Shot Blocked by Alec Martinez.
2:19 of 3rd period - Snap shot by Adrian Kempe.
2:19 of 3rd period - Stopped by Anton Forsberg without a rebound.
2:20 of 3rd period - Casey Cizikas wins face-off versus Boone Jenner in Hartford Whalers zone.
2:47 of 3rd period - Jacob Trouba is hit by Josh Anderson and loses puck.
3:21 of 3rd period - Wrist shot by Joshua Norris.
3:21 of 3rd period - Stopped by Juuse Saros without a rebound.
3:22 of 3rd period - Casey Cizikas wins face-off versus Mikael Backlund in Edmonton Oilers zone.
3:49 of 3rd period - Taylor Hall is hit by Jacob Trouba and loses puck.
3:58 of 3rd period - Snap shot by Jeff Carter.
3:58 of 3rd period - Shot Misses the Net.
4:38 of 3rd period - Wrist shot by Anthony Mantha.
4:38 of 3rd period - Stopped by Juuse Saros with a rebound.
4:40 of 3rd period - Wrist shot by John Hayden.
4:40 of 3rd period - Deflect By Mikael Backlund.
4:40 of 3rd period - Shot Misses the Net.
4:40 of 3rd period - Puck is out of play.
4:41 of 3rd period - Casey Cizikas wins face-off versus Jeff Carter in Edmonton Oilers zone.
4:51 of 3rd period - Jacob Trouba is hit by Casey Cizikas.
5:08 of 3rd period - Off-side.
5:09 of 3rd period - Joshua Norris wins face-off versus Mikael Backlund in neutral zone.
5:25 of 3rd period - Boone Jenner and John Hayden fight to a draw.
5:25 of 3rd period - Penalty to Boone Jenner for Fighting.
5:25 of 3rd period - Penalty to John Hayden for Fighting.
5:26 of 3rd period - Mikael Backlund wins face-off versus Casey Cizikas in Hartford Whalers zone.
6:01 of 3rd period - Wrist shot by Alexander Wennberg.
6:01 of 3rd period - Stopped by Juuse Saros with a rebound.
6:11 of 3rd period - Wrist shot by Brock Boeser.
6:11 of 3rd period - Shot Misses the Net.
6:13 of 3rd period - Wrist shot by Jakub Voracek.
6:13 of 3rd period - Shot Misses the Net.
6:23 of 3rd period - Snap shot by Jakub Voracek.
6:23 of 3rd period - Shot Misses the Net.
6:53 of 3rd period - Alexander Wennberg is hit by Jake DeBrusk.
6:59 of 3rd period - Jakob Silfverberg is hit by Alexander Wennberg.
11:02 of 3rd period - Alec Martinez is hit by Boone Jenner and loses puck.
11:26 of 3rd period - Taylor Hall is hit by Damon Severson and loses puck.
11:54 of 3rd period - Joshua Norris is hit by Jake DeBrusk and loses puck.
12:32 of 3rd period - Minor Penalty to Derek Grant for Interference.
12:33 of 3rd period - Mikael Backlund wins face-off versus Alexander Wennberg in Edmonton Oilers zone.
12:52 of 3rd period - Wrist shot by Jeff Carter.
12:52 of 3rd period - Stopped by Anton Forsberg with a rebound.
13:10 of 3rd period - Snap shot by Alexis Lafreniere.
13:10 of 3rd period - Stopped by Juuse Saros without a rebound.
13:11 of 3rd period - Casey Cizikas wins face-off versus Mikael Backlund in Edmonton Oilers zone.
13:42 of 3rd period - Snap shot by Taylor Hall.
13:42 of 3rd period - Stopped by Juuse Saros without a rebound.
13:43 of 3rd period - Alexander Wennberg wins face-off versus Mikael Backlund in Edmonton Oilers zone.
14:10 of 3rd period - Slapshot by Thomas Chabot.
14:10 of 3rd period - Shot Blocked by Brandon Carlo.
14:32 of 3rd period - Penalty to Derek Grant is over, Derek Grant is back on ice.
15:47 of 3rd period - Adrian Kempe is hit by Alexander Wennberg.
15:51 of 3rd period - Snap shot by Adrian Kempe.
15:51 of 3rd period - Stopped by Anton Forsberg with a rebound.
16:04 of 3rd period - Damon Severson is hit by Jaccob Slavin and loses puck.
16:07 of 3rd period - Wrist shot by Boone Jenner.
16:07 of 3rd period - Stopped by Anton Forsberg without a rebound.
16:08 of 3rd period - Mikael Backlund wins face-off versus Joshua Norris in Hartford Whalers zone.
16:33 of 3rd period - Joshua Norris is hit by Boone Jenner and loses puck.
16:40 of 3rd period - Slapshot by Boone Jenner.
16:40 of 3rd period - Shot Misses the Net.
16:42 of 3rd period - Slapshot by Jacob Trouba.
16:42 of 3rd period - Shot Blocked by Thomas Chabot.
16:44 of 3rd period - Snap shot by Boone Jenner.
16:44 of 3rd period - Shot Blocked by Thomas Chabot.
16:48 of 3rd period - Snap shot by Jake DeBrusk.
16:48 of 3rd period - Stopped by Anton Forsberg with a rebound.
17:00 of 3rd period - John Hayden is hit by Damon Severson and loses puck.
17:05 of 3rd period - Snap shot by Boone Jenner.
17:05 of 3rd period - Deflect By Jake DeBrusk.
17:05 of 3rd period - Shot Misses the Net.
17:05 of 3rd period - Puck is out of play.
17:06 of 3rd period - Jeff Carter wins face-off versus Alexander Wennberg in Hartford Whalers zone.
17:09 of 3rd period - Snap shot by Jakob Silfverberg.
17:09 of 3rd period - Stopped by Anton Forsberg with a rebound.
17:11 of 3rd period - Snap shot by Brock Boeser.
17:11 of 3rd period - Stopped by Anton Forsberg with a rebound.
17:49 of 3rd period - Icing by Trevor van Riemsdyk.
17:50 of 3rd period - Casey Cizikas wins face-off versus Derek Grant in Hartford Whalers zone.
17:55 of 3rd period - Snap shot by Marcus Foligno.
17:55 of 3rd period - Stopped by Juuse Saros with a rebound.
17:57 of 3rd period - Backhand shot by Alexis Lafreniere.
17:57 of 3rd period - Stopped by Juuse Saros with a rebound.
17:59 of 3rd period - Slapshot by Marcus Foligno.
17:59 of 3rd period - Stopped by Juuse Saros without a rebound.
18:00 of 3rd period - Jeff Carter wins face-off versus Taylor Hall in Edmonton Oilers zone.
18:57 of 3rd period - Edmonton Oilers, Juuse Saros is pulled from the net.
18:59 of 3rd period - Snap shot by Adrian Kempe.
18:59 of 3rd period - Stopped by Anton Forsberg with a rebound.
19:31 of 3rd period - Wrist shot by Boone Jenner.
19:31 of 3rd period - Shot Misses the Net.
19:43 of 3rd period - Wrist shot by Taylor Hall.
19:43 of 3rd period - Goal by Taylor Hall - Hartford Whalers : 5 - Edmonton Oilers : 3.
19:43 of 3rd period - Juuse Saros from Edmonton Oilers was sent back in the game.
19:44 of 3rd period - Mark Kastelic wins face-off versus Jeff Carter in neutral zone.
Goals for this period are 1 for Hartford Whalers vs 1 for Edmonton Oilers.
Shots for this period are 9 for Hartford Whalers vs 11 for Edmonton Oilers.
Back to the Top